 Dungeon Crawl Stone Soup version 0.22-a0-866-geee50340df (webtiles) character file.

2897862 Ezendos the Conqueror (level 27, 117/273 HPs)
             Began as a Minotaur Berserker on July 27, 2018.
             Was a High Priest of Trog.
             Escaped with the Orb
             ... and 5 runes on July 28, 2018!
             The game lasted 05:38:29 (82581 turns).

Ezendos the Conqueror (Minotaur Berserker)         Turns: 82581, Time: 05:38:30

Health: 117/273    AC: 60    Str: 31    XL:     27
Magic:  28/28      EV: 24    Int: 10    God:    Trog [*****.]
Gold:   4875       SH: 39    Dex: 15    Spells: 26/26 levels left

rFire    + + .     SeeInvis .   a - +9 eveningstar (freeze)
rCold    + . .     Gourm    .   M - +7 large shield of Love and Death {rC+}
rNeg     + . .     Faith    .   B - +14 crystal plate armour
rPois    .         Spirit   .   (helmet restricted)
rElec    .         Reflect  +   c - +2 cloak {MR+}
rCorr    .         Harm     .   v - +2 pair of gloves {archery}
MR       +++++                  e - +2 pair of boots {Fly}
Stlth    ..........             p - +5 amulet of reflection
HPRegen  1.55/turn              y - ring of the Octopus King {rF+ AC+1 EV+1 Str+1 Int+1 Dex+1}
MPRegen  0.21/turn              x - ring "Daris" {rN+ Slay+4}

@: mildly poisoned (117 -> 117), flying, regenerating, hasted, very quick
A: retaliatory headbutt, horns 2, icy blue scales 1, clever 1, fire resistance
1, mutation resistance 1, screaming 1, strong 1
0: Orb of Zot
}: 5/15 runes: decaying, serpentine, slimy, silver, abyssal
a: Berserk, Trog's Hand, Brothers in Arms, Renounce Religion, Stop Flying


You escaped.
You worshipped Trog.
Trog was extremely pleased with you.
You were hungry.

You visited 11 branches of the dungeon, and saw 55 of its levels.
You visited the Abyss 2 times.
You also visited: Trove and Ice Cave.

You collected 8685 gold pieces.
You spent 3810 gold pieces at shops.

Inventory:

Hand Weapons
 a - a +9 eveningstar of freezing (weapon)
 b - a +6 fustibalus of flaming
 w - a +9 antimagic demon whip
Missiles
 E - 494 sling bullets
 U - 5 throwing nets (quivered)
Armour
 c - a +2 cloak of magic resistance (worn)
 e - a +2 pair of boots of flying (worn)
 v - a +2 pair of gloves of archery (worn)
 B - a +14 crystal plate armour (worn)
 D - a scarf of resistance
 M - the +7 large shield of Love and Death (worn) {rC+}
   (You found it on level 15 of the Dungeon)

   It protects you from cold.
Jewellery
 h - the ring of Kyura {MR+ EV+6}
   (You found it on level 12 of the Dungeon)

   [ring of evasion]

   It affects your evasion (+6).
   It affects your resistance to hostile enchantments.
 j - the ring "Gobexzis" {MR+ Str+3 Dex+3}
   (You found it on level 2 of the Depths)

   [ring of protection from magic]

   It affects your strength (+3).
   It affects your dexterity (+3).
   It affects your resistance to hostile enchantments.
 l - the ring of Oxies {rPois rC+ Dex+2}
   (You found it on level 2 of the Abyss)

   [ring of protection from cold]

   It affects your dexterity (+2).
   It protects you from cold.
   It protects you from poison.
 m - the ring "Wygumou" {Dex+3 SInv}
   (You found it in a treasure trove)

   [ring of see invisible]

   It affects your dexterity (+3).
   It lets you see invisible.
 p - a +5 amulet of reflection (around neck)
 x - the ring "Daris" (right hand) {rN+ Slay+4}
   (You took it off a deep elf elementalist on level 3 of the Elven Halls)

   [ring of positive energy]

   It affects your accuracy and damage with ranged weapons and melee attacks
   (+4).
   It protects you from negative energy.
 y - a ring of the Octopus King (left hand) {rF+ AC+1 EV+1 Str+1 Int+1 Dex+1}
   (You found it on level 3 of the Swamp)

   [ring of protection from fire]

   It affects your AC (+1).
   It affects your evasion (+1).
   It affects your strength (+1).
   It affects your intelligence (+1).
   It affects your dexterity (+1).
   It protects you from fire.
Wands
 g - a wand of disintegration (26)
 K - a wand of acid (18)
 O - a wand of scattershot (5)
 V - a wand of digging (61)
Scrolls
 i - 5 scrolls of identify
 k - 7 scrolls of fear
 o - 33 scrolls of remove curse
 I - 6 scrolls of magic mapping
 J - 8 scrolls of holy word
 L - 4 scrolls of blinking
 N - a scroll of summoning
 Q - a scroll of enchant armour
 T - 14 scrolls of teleportation
 Y - 4 scrolls of fog
Potions
 f - 6 potions of resistance
 n - 3 potions of haste
 q - 3 potions of magic
 s - 27 potions of curing
 t - 6 potions of brilliance
 u - a potion of ambrosia
 z - 10 potions of cancellation
 C - 7 potions of heal wounds
 F - 14 potions of lignification
 G - 6 potions of might
 H - 2 potions of berserk rage
 P - a potion of mutation
 W - 3 potions of agility
 Z - 4 potions of invisibility
Miscellaneous
 A - 4 phantom mirrors
 R - a phial of floods
 S - a lamp of fire
Comestibles
 d - 80 rations


   Skills:
 O Level 27 Fighting
 - Level 16.0 Maces & Flails
 - Level 14.0 Slings
 O Level 27 Armour
 O Level 27 Dodging
 * Level 4.6 Stealth
 - Level 25.0 Shields
 + Level 8.7 Evocations


You had 26 spell levels left.
You didn't know any spells.
Your spell library was empty.

Dungeon Overview and Level Annotations

Branches:
Dungeon (15/15)            Temple (1/1) D:6            Lair (6/6) D:9
  Swamp (4/4) Lair:4        Snake (4/4) Lair:2        Slime (5/5) Lair:5
    Orc (2/2) D:10            Elf (3/3) Orc:2        Vaults (5/5) D:13
  Crypt (0/3) Vaults:3     Depths (5/5) D:15            Zot (5/5) Depths:5

Altars:
Ashenzari
Cheibriados
Fedhas
Makhleb
Nemelex Xobeh
Okawaru
Qazlal
Ru
Sif Muna
Trog
Vehumet
Wu Jian
Xom
Zin
Jiyva
Lugonu

Shops:
D:4 *   D:7 [**:   D:11 [   Orc:2 [%}   Elf:1 (*((!   Snake:4 }   Vaults:1 (
Vaults:4 :%[   Vaults:5 (   Depths:1 *=   Depths:5 **}[

Portals:
Hell: Depths:1 Depths:2 Depths:3 Depths:4 Depths:5
Abyss: Depths:3 Depths:4 Depths:5
Pandemonium: Depths:3
Ziggurat: Depths:4

Annotations:
Lair:4 exclusion: oklob plant
Depths:2 2 transporters, exclusion: orange crystal statue
Depths:4 exclusion: upstairs
Depths:5 Boris
Zot:4 exclusion: door


Innate Abilities, Weirdness & Mutations

You reflexively headbutt those who attack you in melee.
You have a pair of horns on your head.
You are partially covered in icy blue scales. (AC +2)
Your mind is acute. (Int +2)
Your flesh is heat resistant. (rF+)
You are somewhat resistant to further mutation.
You occasionally shout uncontrollably at your foes.
Your muscles are strong. (Str +2)


Message History

The poison arrow hits the green death.
The green death partially resists.
The green death is poisoned.
You feel sick. The green death gestures at you.
The poison arrow reflects off an invisible shield around you!
The poison arrow hits the green death.
The green death partially resists.
The green death looks as sick as possible!
The green death gestures at you.
The poison arrow reflects off an invisible shield around you!
The poison arrow hits the green death.
The green death partially resists.
The green death looks as sick as possible!
You feel sick.
A hellwing comes into view.
There is a staircase leading out of the dungeon here.
You feel sick. The green death gestures at you.
The poison arrow reflects off an invisible shield around you!
The poison arrow hits the green death.
The green death partially resists.
The green death looks as sick as possible!
You have escaped!

##......).................>.##..#
#.############.....#####.#.###..#
#.# ##...#.....#...#.#.###..# #.#
##.⌠.#.....#.⌠.#.....#..# #.#
##..4#.....#...#.#.#.#..# #'###
######.....#####......... ....#
#................#.#.#..# ....#
#................#.#.#..# ....#
##1.2....@..4.............
....####.............).........##
#'####..#................###.###
..§§§§##.#####.....#####.....####
#.######.#...#.....#..$#.........
#.# #.#.⌠.#.....#.⌠.#.......##
#.######.#...#.....#...#.###.....
.........#####.....#####.# ###.#.
#.#.#.##.######..#######.# #.#.


You could see an Ice Fiend, a green death, a hellwing and a red devil.

Vanquished Creatures
  the Royal Jelly (Slime:5)
  4 orbs of fire
  A juggernaut (Depths:4)
  6 ancient liches
  3 Killer Klowns (Zot:5)
  Saint Roka (Elf:2)
  2 curse toes
  The ghost of Brozuf the Warrior, an adept GrEE of Vehumet (Vaults:3)
  14 golden dragons
  Nikola (Swamp:3)
  8 bone dragons
  7 liches
  The ghost of Peapij the Phalangite, an adept NaBe of Trog (Vaults:4)
  A profane servitor (Abyss:2)
  4 electric golems
  Jorgrun (Elf:2)
  20 tentacled monstrosities
  7 titans
  25 Orb Guardians (Zot:5)
  A deep elf master archer (Elf:3)
  2 deep elf blademasters (Elf:3)
  6 quicksilver dragons
  4 tentacled starspawn (Abyss:3)
  2 sphinxes
  The ghost of Hedghiatz the Unseen, an adept OpFi of Dithmenos (Vaults:1)
  12 death cobs
  26 acid blobs
  3 thorn hunters
  11 storm dragons
  10 shadow dragons
  Kirke (Swamp:3)
  11 tengu reavers
  Donald (Swamp:3)
  8 azure jellies
  2 draconian monks
  8 nagarajas
  The ghost of swarr the Bludgeoner, an adept DsAr of Makhleb (Elf:2)
  The ghost of shruggingcutely the Severer, a journeyman MiFi of Gozag (D:12)
  The ghost of temitten the Severer, a journeyman MiBe of Trog (D:15)
  4 iron dragons
  15 frost giants
  Roxanne (Elf:3)
  14 fire giants
  12 vault wardens
  3 deep elf sorcerers
  4 draconian knights
  6 deep elf elementalists
  Louise (Swamp:4)
  An angel (Abyss:2)
  8 draconian scorchers
  A draconian stormcaller (Depths:5)
  2 ghouls
  7 draconian shifters
  5 spriggan defenders
  11 draconian annihilators
  A reaper (Abyss:3)
  19 stone giants
  2 war gargoyles (Vaults:5)
  26 very ugly things
  17 ironheart preservers
  4 vampire knights
  5 deep elf demonologists
  2 entropy weavers (Vaults:4)
  9 black draconians
  19 green draconians
  21 starcursed masses
  12 red draconians
  11 white draconians
  8 deep elf annihilators
  11 yellow draconians
  The ghost of P0WERM0DE the Champion of Chaos, a journeyman DDFi of Makhleb (Snake:2)
  Azrael (Elf:1)
  4 spark wasps
  10 ettins
  20 purple draconians
  Snorg (D:14)
  7 deep elf death magi
  7 death oozes (Slime:5)
  3 deep elf high priests
  14 great orbs of eyes
  7 fire dragons
  12 yaktaur captains
  33 vault guards
  25 hydras
  18 naga warriors
  9 rakshasas
  A ghost crab (Swamp:3)
  3 spriggan air magi
  6 ice dragons
  50 two-headed ogres
  Erica (D:8)
  8 anacondas
  The ghost of iamserjio the Grappler, a novice DrMo of Cheibriados (D:9)
  7 death yaks
  5 tengu warriors
  4 death knights
  5 centaur warriors
  21 dancing weapons
  12 deep troll earth magi
  12 ogre magi
  10 alligators
  16 deep troll shamans
  2 vampire magi
  7 shock serpents
  A hell hog (Abyss:3)
  8 naga sharpshooters
  4 spriggan berserkers
  A titan zombie (Vaults:5)
  12 thrashing horrors
  3 shadow wraiths
  A soul eater (Abyss:2)
  A titan skeleton (Vaults:4)
  20 deep elf knights
  Nergalle (D:11)
  7 wretched stars
  2 spatial maelstroms (Abyss:3)
  3 unseen horrors
  6 iron trolls
  3 sixfirhies (Abyss:3)
  6 flayed ghosts
  12 hell knights
  8 skeletal warriors
  41 deep trolls
  An unseen horror (shapeshifter) (Vaults:4)
  6 swamp dragons
  A death drake (shapeshifter) (Depths:4)
  3 lindwurms (Swamp:4)
  8 naga ritualists
  3 glowing orange brains
  21 ironbrand convokers
  3 wizards
  8 orc knights
  Pikel (D:7)
  A tengu zombie (Vaults:4)
  An anaconda skeleton (Abyss:3)
  10 deep elf archers
  2 sphinx zombies
  6 phantasmal warriors
  6 mana vipers
  10 necromancers
  5 shambling mangroves
  An orb spider (shapeshifter) (Vaults:1)
  49 deep elf magi
  7 shining eyes
  7 human zombies
  4 sphinx skeletons
  4 wolf spiders
  A frost giant zombie (Vaults:5)
  An iron dragon zombie (Depths:2)
  42 ugly things
  2 orc sorcerers
  A moth of wrath (shapeshifter) (D:13)
  2 cyclopes (Orc:2)
  5 salamanders
  9 vault sentinels
  A shadow dragon skeleton (Vaults:4)
  A cyclops (shapeshifter) (Depths:1)
  An elf zombie (Depths:2)
  A frost giant skeleton (Depths:3)
  3 manticores
  26 moths of wrath
  Joseph (D:10)
  A fire giant zombie (D:15)
  7 oklob plants
  6 elephants (Lair:3)
  Maurice (D:11)
  7 worldbinders (Abyss:3)
  40 black mambas
  2 apocalypse crabs (Zot:4)
  A fire giant skeleton (D:15)
  A water nymph (Abyss:3)
  4 guardian serpents
  Psyche (D:8)
  A gargoyle (D:14)
  An ice statue (IceCv)
  29 naga magi
  A guardian serpent (shapeshifter) (Vaults:3)
  26 spiny frogs
  5 eyes of devastation
  A rust devil (Zot:1)
  2 spiny frogs (shapeshifter)
  An orange demon (Abyss:3)
  6 smoke demons
  A storm dragon simulacrum (Abyss:3)
  A centaur skeleton (D:15)
  4 komodo dragons
  2 rime drakes
  45 yaktaurs
  An efreet (Abyss:3)
  A yaktaur (shapeshifter) (Vaults:4)
  7 ancient zymes
  A demonic crawler (Abyss:3)
  4 freezing wraiths
  A golden dragon simulacrum (Abyss:3)
  3 hellwings (Abyss:3)
  A troll (shapeshifter) (Vaults:2)
  A merfolk (shapeshifter) (Depths:5)
  An ice devil (Depths:1)
  3 tengu conjurers
  16 trolls
  A human skeleton (Vaults:4)
  A shadow dragon simulacrum (Depths:3)
  28 hornets
  14 polar bears (IceCv)
  16 tyrant leeches
  A merfolk (D:9)
  A polar bear (shapeshifter) (Vaults:5)
  13 raiju
  27 blink frogs
  Grinder (D:3)
  Prince Ribbit (D:9)
  13 bog bodies
  11 hippogriffs
  An ettin zombie (Vaults:3)
  104 slime creatures
  2 frost giant simulacra (Vaults:4)
  A fire giant simulacrum (Vaults:2)
  A flying skull (Abyss:3)
  14 spriggans
  3 vampires
  5 air elementals
  A tarantella (shapeshifter) (Elf:1)
  A spriggan (shapeshifter) (Depths:4)
  6 ynoxinuls
  A tarantella (Vaults:5)
  A basilisk (shapeshifter) (Elf:2)
  Sigmund (D:2)
  4 redbacks (Vaults:4)
  5 basilisks
  4 wyverns
  14 water elementals
  6 wraiths
  7 fire elementals
  2 hogs
  A fire bat (Abyss:3)
  A hog (shapeshifter) (Depths:3)
  51 yaks
  A human (shapeshifter) (Vaults:1)
  A golden eye (Abyss:3)
  9 chaos spawn
  A hungry ghost (Abyss:3)
  39 vampire mosquitoes
  A steam dragon (D:11)
  6 wargs
  13 large abominations
  9 insubstantial wisps (Swamp:1)
  A harpy simulacrum (Vaults:1)
  Duvessa (D:4)
  17 swamp worms
  54 nagas
  2 floating eyes
  4 hell hounds
  8 porcupines
  15 swamp drakes
  9 water moccasins
  2 slaves (D:7)
  A hornet zombie (D:15)
  22 orc warriors
  6 eyes of draining
  5 necrophages
  4 sky beasts
  2 ice beasts
  47 ogres
  17 boggarts
  21 centaurs
  A boggart (shapeshifter) (Vaults:5)
  14 wolves
  10 crocodiles
  3 big kobolds
  A bullfrog (shapeshifter) (Vaults:4)
  19 bullfrogs
  5 earth elementals
  19 small abominations
  A wyvern zombie (D:14)
  Dowan (D:4)
  6 scorpions
  3 wyvern skeletons
  An elf simulacrum (Vaults:1)
  A snapping turtle simulacrum (Abyss:3)
  17 wights
  4 human simulacra
  A killer bee (shapeshifter) (D:14)
  8 killer bees
  A tengu skeleton (D:15)
  10 electric eels
  2 howler monkeys (D:13)
  11 crimson imps
  4 quasits
  8 centaur zombies
  A hound (shapeshifter) (Depths:1)
  12 orc priests
  9 hounds
  8 jellies
  4 bullfrog skeletons
  A gnoll shaman (Orc:2)
  2 iron imps
  22 orc wizards
  Crazy Yiuf (D:3)
  5 iguanas
  Natasha (thrice) (D:3)
  An iguana (shapeshifter) (Elf:3)
  11 worker ants
  A hound zombie (D:10)
  An ogre skeleton (Abyss:3)
  2 hound skeletons
  A worker ant zombie (D:9)
  5 gnolls
  17 adders
  A howler monkey skeleton (D:10)
  4 shadow imps
  2 white imps (Abyss:2)
  2 oozes
  2 worms
  3 adder skeletons
  An adder zombie (D:6)
  A dart slug (D:2)
  3 leopard geckos
  64 orcs
  4 ball pythons
  9 bats
  3 giant cockroaches
  2 goblins
  9 hobgoblins
  2 jackals (D:9)
  9 kobolds
  3 quokkas
  5 frilled lizards
  A leopard gecko skeleton (D:4)
  A quokka skeleton (D:7)
  A quokka zombie (D:5)
  12 rats
  A crawling corpse (Depths:4)
  A fungus (Elf:3)
  6 plants
  2 starspawn tentacles (Abyss:3)
2562 creatures vanquished.

Vanquished Creatures (collateral kills)
  Mennas (Depths:4)
  A tentacled monstrosity (Depths:4)
  A titan (Vaults:5)
  A deep elf blademaster (Elf:2)
  A thorn hunter (Swamp:4)
  A nagaraja (Snake:4)
  A fire giant (Depths:4)
  A deep elf sorcerer (Abyss:3)
  A vault warden (Vaults:1)
  A frost giant (Vaults:5)
  Aizul (Swamp:4)
  A yellow draconian (Zot:1)
  A purple draconian (Zot:1)
  A spark wasp (Depths:4)
  A fire dragon (Depths:4)
  3 vault guards
  A rakshasa (Abyss:3)
  A naga warrior (Snake:4)
  3 dancing weapons (Elf:2)
  A two-headed ogre (Vaults:5)
  A shock serpent (Snake:4)
  A naga sharpshooter (Snake:4)
  4 thrashing horrors (Abyss:3)
  A flayed ghost (Vaults:1)
  An unseen horror (D:12)
  A large abomination (Abyss:2)
  3 oklob plants (Lair:2)
  2 deep elf magi (Elf:2)
  2 vault sentinels
  A rust devil (Abyss:2)
  A hellion (Abyss:2)
  2 yaktaurs (Vaults:5)
  3 slime creatures (Depths:4)
  A flying skull (Abyss:3)
  A wraith (Vaults:1)
  2 vampire mosquitoes (Swamp:4)
  2 small abominations (Abyss:2)
  A naga (Snake:4)
  A swamp drake (Swamp:4)
  2 boggarts (Vaults:1)
  An ogre (Vaults:5)
  4 starcursed masses (Abyss:3)
62 creatures vanquished.

Vanquished Creatures (others)
  A deep elf master archer (Elf:3)
  A tengu reaver (Abyss:3)
  A draconian monk (Zot:3)
  A deep elf sorcerer (Abyss:3)
  A draconian annihilator (Zot:3)
  An ironheart preserver (Vaults:4)
  2 stone giants
  A jiangshi (Abyss:3)
  A merfolk javelineer (Depths:2)
  7 yaktaur captains
  A rakshasa (Abyss:3)
  A vault guard (Vaults:5)
  3 centaur warriors
  8 naga sharpshooters
  A deep elf knight (Elf:3)
  A flayed ghost (Abyss:3)
  A phantasmal warrior (Vaults:4)
  5 deep elf archers
  4 worldbinders (Abyss:3)
  3 cyclopes
  A water nymph (Abyss:3)
  A spiny frog (Swamp:3)
  27 yaktaurs
  An ancient zyme (Abyss:3)
  A blink frog (Abyss:3)
  A raiju (Abyss:3)
  A vampire (Abyss:3)
  A human (Swamp:4)
  A ynoxinul (Abyss:3)
  A chaos spawn (Abyss:3)
  A small abomination (Abyss:3)
  4 large abominations (Abyss:3)
  A vampire mosquito (Swamp:3)
  2 nagas
  4 centaurs
  A wight (D:13)
  2 quasits (Abyss:3)
  An orc priest (Vaults:4)
  A white imp (Abyss:3)
  7 orcs
  8 briar patches (Swamp:4)
  A bush (Lair:2)
  11 fungi
  45 plants
  12 starspawn tentacles (Abyss:3)
  A withered plant (D:15)
183 creatures vanquished.

Grand Total: 2807 creatures vanquished

Notes
Turn   | Place    | Note
-------+----------+-------------------------------------------
     0 | D:1      | Ezendos the Minotaur Berserker began the quest for the Orb.
     0 | D:1      | Reached XP level 1. HP: 19/19 MP: 0/0
   226 | D:1      | Reached XP level 2. HP: 25/27 MP: 1/1
  1075 | D:2      | Reached ** piety under Trog
  1075 | D:2      | Reached XP level 3. HP: 35/35 MP: 2/2
  1224 | D:2      | Reached skill level 5 in Fighting
  1320 | D:2      | Reached XP level 4. HP: 42/42 MP: 3/3
  1389 | D:2      | Noticed Sigmund
  1393 | D:2      | Killed Sigmund
  1393 | D:2      | Reached skill level 5 in Maces & Flails
  1393 | D:2      | Reached XP level 5. HP: 46/51 MP: 4/4
  1591 | D:2      | Found a deep blue altar of Sif Muna.
  1603 | D:2      | Reached XP level 6. HP: 59/60 MP: 5/5
  1606 | D:2      | Found a sacrificial altar of Ru.
  1943 | D:3      | Noticed Natasha
  1952 | D:3      | Killed Natasha
  1960 | D:3      | Noticed Grinder
  1960 | D:3      | Paralysed by Grinder for 3 turns
  1965 | D:3      | Paralysed by Grinder for 3 turns
  1972 | D:3      | Killed Grinder
  1972 | D:3      | Reached *** piety under Trog
  1972 | D:3      | Reached XP level 7. HP: 67/67 MP: 6/6
  2104 | D:3      | Found a runed door.
  2150 | D:3      | Noticed Natasha
  2160 | D:3      | Killed Natasha
  2186 | D:3      | Noticed Natasha
  2196 | D:3      | Killed Natasha
  2384 | D:3      | Noticed Crazy Yiuf
  2387 | D:3      | Killed Crazy Yiuf
  2444 | D:4      | Noticed Duvessa
  2462 | D:4      | Killed Duvessa
  2624 | D:4      | Noticed Dowan
  2629 | D:4      | Killed Dowan
  2844 | D:4      | Found a glowing silver altar of Zin.
  2935 | D:4      | Found an ornate altar of the Wu Jian Council.
  2935 | D:4      | Found a burning altar of Makhleb.
  3010 | D:4      | Found Yrghoghusi's Elemental Accessories.
  3051 | D:4      | Reached skill level 1 in Shields
  3051 | D:4      | Reached XP level 8. HP: 78/78 MP: 7/7
  3188 | D:4      | Found a sparkling altar of Nemelex Xobeh.
  3361 | D:5      | Entered Level 5 of the Dungeon
  3382 | D:5      | Found a bloodstained altar of Trog.
  3402 | D:5      | Found an iron altar of Okawaru.
  3626 | D:5      | Identified Sif Muna's Reference Book on Lightness and Bewitchment
  3868 | D:5      | Found a snail-covered altar of Cheibriados.
  4405 | D:6      | Found a staircase to the Ecumenical Temple.
  4411 | Temple   | Entered the Ecumenical Temple
  4756 | D:6      | Reached skill level 5 in Shields
  5008 | D:7      | Noticed a hippogriff
  5013 | D:7      | Reached XP level 9. HP: 85/85 MP: 8/8
  5017 | D:7      | Reached skill level 10 in Fighting
  5020 | D:7      | Found Qepluos's Book Boutique.
  5067 | D:7      | Found Rioceruq's Assorted Antiques.
  5282 | D:7      | Reached skill level 5 in Armour
  5339 | D:7      | Found Ydul's Assorted Antiques.
  5353 | D:7      | Bought a jewelled buckler for 218 gold pieces
  5379 | D:7      | Identified the +3 buckler "Nugam" {Regen+ SInv} (You bought it in a shop on level 7 of the Dungeon)
  5436 | D:7      | Reached **** piety under Trog
  5695 | D:7      | Bought 2 fizzy green potions for 46 gold pieces
  5695 | D:7      | Bought a scroll labeled FECSOCOTRA for 26 gold pieces
  5721 | D:7      | Reached skill level 10 in Maces & Flails
  5780 | D:7      | Found Quemoum's Antique Armour Shoppe.
  6078 | D:7      | Noticed Pikel
  6123 | D:7      | Killed Pikel
  6479 | D:8      | Noticed Psyche
  6489 | D:8      | Killed Psyche
  6489 | D:8      | Reached XP level 10. HP: 93/93 MP: 9/9
  6649 | D:8      | Noticed a two-headed ogre
  6660 | D:8      | Killed a two-headed ogre
  6789 | D:8      | Noticed Erica
  6803 | D:8      | Killed Erica
  6803 | D:8      | Reached skill level 10 in Armour
  7310 | D:9      | Received a gift from Trog
  7344 | D:9      | Noticed Prince Ribbit
  7360 | D:9      | Killed Prince Ribbit
  7440 | D:9      | Got a slimy platinum amulet
  7526 | D:9      | Found a staircase to the Lair.
  7551 | D:9      | Found a transporter.
  7657 | D:9      | Found a sparkling altar of Nemelex Xobeh.
  7906 | D:9      | Noticed iamserjio's ghost (novice DrMo)
  7906 | D:9      | Noticed a two-headed ogre
  7908 | D:9      | Noticed a two-headed ogre
  7915 | D:9      | Found a transporter.
  7961 | D:10     | Entered Level 10 of the Dungeon
  7970 | D:10     | Noticed Joseph
  7988 | D:10     | Killed Joseph
  7988 | D:10     | Reached XP level 11. HP: 99/99 MP: 8/10
  8050 | D:10     | Reached ***** piety under Trog
  8607 | D:10     | Found a staircase to the Orcish Mines.
  8844 | D:10     | Noticed a two-headed ogre
  9094 | D:10     | Killed a two-headed ogre
  9130 | D:11     | Noticed a skeletal warrior
  9130 | D:11     | Noticed a skeletal warrior
  9131 | D:11     | Noticed a skeletal warrior
  9131 | D:11     | Noticed a two-headed ogre
  9150 | D:10     | Killed a skeletal warrior
  9188 | Lair:1   | Entered Level 1 of the Lair of Beasts
 10086 | Lair:1   | Received a gift from Trog
 10271 | Lair:1   | Reached skill level 10 in Shields
 10413 | Lair:1   | Reached XP level 12. HP: 113/113 MP: 11/11
 10437 | Lair:1   | Identified the amulet of Raqot {Reflect +Inv Str+2 Int-5 SH+3} (You found it on level 9 of the Dungeon)
 10908 | Lair:2   | Identified the Compendium of Stones and Poison
 10957 | Lair:2   | Found a staircase to the Snake Pit.
 11680 | Lair:3   | Reached skill level 1 in Slings
 11979 | Lair:3   | Noticed a six-headed hydra
 11986 | Lair:3   | Killed a six-headed hydra
 12680 | Lair:4   | Reached skill level 1 in Evocations
 13163 | Lair:4   | Found a staircase to the Swamp.
 13445 | Lair:5   | Found a frozen archway.
 13453 | IceCv    | Entered an ice cave
 13530 | IceCv    | Got a clouded bronze amulet
 13563 | IceCv    | Received a gift from Trog
 13583 | IceCv    | Reached XP level 13. HP: 118/125 MP: 13/13
 13890 | IceCv    | Reached skill level 15 in Fighting
 14005 | IceCv    | Noticed a frost giant
 14041 | IceCv    | Killed a frost giant
 14481 | Lair:5   | Received a gift from Trog
 14857 | Orc:1    | Entered Level 1 of the Orcish Mines
 15043 | D:7      | Bought a glowing shield for 187 gold pieces
 15312 | Orc:2    | Entered Level 2 of the Orcish Mines
 15411 | Orc:2    | Found Oboirph's Gadget Boutique.
 15725 | D:9      | Killed iamserjio's ghost
 16040 | Orc:2    | Found a staircase to the Elven Halls.
 16250 | Orc:1    | Received a gift from Trog
 16451 | Orc:2    | Reached skill level 15 in Maces & Flails
 16527 | Orc:2    | Reached XP level 14. HP: 121/138 MP: 14/14
 16828 | D:11     | Noticed Maurice
 16829 | D:11     | Found Zerphuac's Armour Boutique.
 16838 | D:11     | Killed Maurice
 16877 | D:11     | Bought a +1 pair of boots of flying for 214 gold pieces
 16955 | D:11     | Received a gift from Trog
 17015 | D:11     | Noticed Nergalle
 17021 | D:11     | Killed Nergalle
 18039 | D:12     | Found a runed gate.
 18040 | D:12     | Found a runed gate.
 18041 | D:12     | Found a runed gate.
 18042 | D:12     | Noticed shruggingcutely's ghost (journeyman MiFi)
 18054 | D:12     | Received a gift from Trog
 18517 | D:13     | Found a gate to the Vaults.
 19043 | D:14     | Found a runed door.
 19044 | D:14     | Noticed a frost giant
 19429 | D:14     | Received a gift from Trog
 19435 | D:14     | Reached ****** piety under Trog
 19608 | D:14     | Noticed Snorg
 19618 | D:14     | Killed Snorg
 19851 | D:15     | Entered Level 15 of the Dungeon
 20012 | Lair:6   | Entered Level 6 of the Lair of Beasts
 20017 | Lair:6   | Reached skill level 15 in Shields
 20039 | Lair:5   | Upgraded the game from 0.22-a0-855-g415d086bb8 to 0.22-a0-866-geee50340df
 20089 | Lair:5   | Received a gift from Trog
 20203 | Lair:6   | Reached XP level 15. HP: 147/150 MP: 15/15
 20663 | Lair:6   | Received a gift from Trog
 21125 | Lair:6   | Identified the amulet "Vafeish" {+Rage rF- Dex+8} (You found it in an ice cave)
 21534 | Orc:2    | Reached skill level 5 in Slings
 21568 | Orc:2    | Found Poarch's Book Shoppe.
 21816 | Orc:2    | Found Kazituar's Magic Scroll Boutique.
 21819 | Orc:2    | Found Neoxzov's Food Shop.
 21821 | Orc:2    | Found Soushrass's Antique Armour Boutique.
 21842 | Orc:2    | Bought a scroll of teleportation for 30 gold pieces
 21842 | Orc:2    | Bought a scroll of identify for 20 gold pieces
 21842 | Orc:2    | Bought a scroll of teleportation for 30 gold pieces
 21842 | Orc:2    | Bought a scroll of enchant armour for 75 gold pieces
 21842 | Orc:2    | Bought a scroll of identify for 20 gold pieces
 21842 | Orc:2    | Bought a scroll of identify for 20 gold pieces
 21842 | Orc:2    | Bought a scroll of blinking for 75 gold pieces
 21842 | Orc:2    | Bought a scroll of identify for 20 gold pieces
 21851 | Orc:2    | Bought a scroll of fear for 35 gold pieces
 21851 | Orc:2    | Bought a scroll of identify for 20 gold pieces
 21851 | Orc:2    | Bought a scroll of identify for 20 gold pieces
 21851 | Orc:2    | Bought a scroll of holy word for 75 gold pieces
 22241 | D:15     | Found a staircase to the Depths.
 22434 | D:15     | Found a blossoming altar of Fedhas.
 22458 | D:15     | Received a gift from Trog
 22571 | D:15     | Found a runed door.
 22572 | D:15     | Found a shimmering altar of Xom.
 22572 | D:15     | Noticed temitten's ghost (journeyman MiBe)
 22583 | D:15     | Got an encrusted large shield
 22595 | D:15     | Identified the +7 large shield of Love and Death {rC+} (You found it on level 15 of the Dungeon)
 23204 | D:15     | Killed temitten's ghost
 23440 | Swamp:1  | Entered Level 1 of the Swamp
 23486 | Lair:4   | Reached XP level 16. HP: 113/162 MP: 18/18
 24703 | Swamp:2  | Received a gift from Trog
 24710 | Swamp:2  | Got a bloodstained hunting sling {god gift}
 24723 | Swamp:2  | Identified the +11 hunting sling "Xypnerurgh" {venom, rF- Dex+7} (Trog gifted it to you on level 2 of the Swamp)
 26082 | Swamp:3  | Noticed Donald
 26097 | Swamp:3  | Killed Donald
 26252 | Swamp:3  | Noticed Nikola
 26268 | Swamp:3  | Killed Nikola
 26806 | Swamp:3  | Found the ring of the Octopus King
 26814 | Swamp:3  | Got a ring of the Octopus King
 26820 | Swamp:3  | Identified a ring of the Octopus King {rF+ AC+1 EV+1 Str+1 Int+1 Dex+1} (You found it on level 3 of the Swamp)
 27095 | Swamp:4  | Entered Level 4 of the Swamp
 27256 | Swamp:4  | Noticed Louise
 27408 | Swamp:4  | Killed Louise
 27425 | Swamp:4  | Identified 2 scrolls of acquirement
 27454 | Swamp:4  | Noticed Kirke
 27501 | Swamp:3  | Killed Kirke
 27565 | Swamp:4  | Noticed Aizul
 27588 | Swamp:4  | Reached XP level 17. HP: 168/172 MP: 19/19
 27601 | Swamp:4  | Killed Aizul
 27861 | Swamp:4  | Received a gift from Trog
 28041 | Swamp:4  | Got a decaying rune of Zot
 28743 | Elf:1    | Entered Level 1 of the Elven Halls
 28791 | Elf:1    | Found Avikka's Weapon Boutique.
 29105 | Snake:1  | Entered Level 1 of the Snake Pit
 30128 | Snake:2  | Received a gift from Trog
 30264 | Snake:2  | Noticed P0WERM0DE's ghost (journeyman DDFi)
 30266 | Snake:2  | Found a runed gate.
 30642 | Snake:2  | Found a runed gate.
 30642 | Snake:2  | Found a runed gate.
 32055 | Snake:3  | Received a gift from Trog
 32307 | Snake:3  | Reached XP level 18. HP: 146/182 MP: 6/20
 32473 | Snake:4  | Entered Level 4 of the Snake Pit
 32606 | Snake:4  | Received a gift from Trog
 33009 | Snake:4  | Received a gift from Trog
 33226 | Snake:4  | Got an ivory flail
 33248 | Snake:4  | Identified the +2 flail of Zoenor {holy, Str+3} (You found it on level 4 of the Snake Pit)
 33513 | Snake:4  | Reached skill level 15 in Armour
 33843 | Snake:4  | Received a gift from Trog
 33980 | Snake:4  | Found Biyqaipy's Gadget Shop.
 34282 | Snake:4  | Got a serpentine rune of Zot
 34619 | Elf:1    | Found Toeda's Antique Weapon Emporium.
 34677 | Elf:1    | Found Estrawk's General Store.
 34680 | Elf:1    | Bought a scroll of teleportation for 51 gold pieces
 34680 | Elf:1    | Bought a scroll of blinking for 127 gold pieces
 34680 | Elf:1    | Bought a scroll of teleportation for 51 gold pieces
 34818 | Elf:1    | Received a gift from Trog
 34860 | Elf:1    | Got a scorched hunting sling {god gift}
 34862 | Elf:1    | Identified the +8 hunting sling of Psychosis {speed, +Fly Dex+5} (Trog gifted it to you on level 1 of the Elven Halls)
 35259 | Elf:1    | Noticed Azrael
 35276 | Elf:1    | Killed Azrael
 35375 | Elf:1    | Found Fug Nues's Distillery.
 35386 | Elf:1    | Bought 2 potions of heal wounds for 170 gold pieces
 35386 | Elf:1    | Bought a potion of curing for 51 gold pieces
 35386 | Elf:1    | Found Dus Terilak's Weapon Emporium.
 35475 | Elf:1    | Found a portal to a secret trove of treasure.
 35785 | Elf:2    | Noticed Saint Roka
 35891 | Elf:2    | Found a huge runed gate.
 35891 | Elf:2    | Found a huge runed gate.
 35891 | Elf:2    | Found a huge runed gate.
 35891 | Elf:2    | Found a huge runed gate.
 35891 | Elf:2    | Found a huge runed gate.
 36000 | Elf:2    | Found a radiant altar of Vehumet.
 36234 | Elf:2    | Received a gift from Trog
 36257 | Elf:2    | Found a runed door.
 36268 | Elf:2    | Noticed swarr's ghost (adept DsAr)
 36281 | Elf:2    | Killed Saint Roka
 36281 | Elf:2    | Reached XP level 19. HP: 192/192 MP: 7/21
 36340 | Elf:2    | Killed swarr's ghost
 36377 | Elf:2    | Received a gift from Trog
 36381 | Elf:2    | Noticed Jorgrun
 36436 | Elf:2    | Killed Jorgrun
 36897 | Elf:2    | Received a gift from Trog
 37666 | Elf:3    | Entered Level 3 of the Elven Halls
 38619 | Snake:4  | Reached skill level 10 in Slings
 39038 | Vaults:1 | Entered Level 1 of the Vaults
 39076 | Vaults:1 | Cast into level 2 of the Abyss (a wizard)
 39081 | Abyss:2  | Found a corrupted altar of Lugonu.
 39356 | Abyss:2  | Found a corrupted altar of Lugonu.
 39396 | Abyss:2  | Noticed a bone dragon
 39430 | Abyss:2  | Killed a bone dragon
 39454 | Abyss:2  | Noticed a profane servitor
 39467 | Abyss:2  | Killed a profane servitor
 39474 | Abyss:2  | Found a corrupted altar of Lugonu.
 39517 | Abyss:2  | Got a crude granite ring
 39519 | Abyss:2  | Identified the ring of Oxies {rPois rC+ Dex+2} (You found it on level 2 of the Abyss)
 39523 | Abyss:2  | Found a corrupted altar of Lugonu.
 39538 | Abyss:2  | Found a corrupted altar of Lugonu.
 39543 | Abyss:2  | Found a bloodstained altar of Trog.
 39607 | Abyss:2  | Found a bloodstained altar of Trog.
 39679 | Vaults:1 | Escaped the Abyss
 39684 | Vaults:1 | Received a gift from Trog
 39832 | Lair:1   | Got a fine large shield
 39843 | Lair:1   | Identified the +6 large shield of Shielding {*Contam MP+9 Str+8} (You acquired it on level 1 of the Lair of Beasts)
 39998 | Vaults:1 | Found a runed door.
 41286 | Vaults:1 | Found Ocomiq's Antique Weapon Boutique.
 41737 | Vaults:1 | Noticed Hedghiatz's ghost (adept OpFi)
 41764 | Vaults:1 | Killed Hedghiatz's ghost
 41843 | Vaults:2 | Received a gift from Trog
 41895 | Vaults:2 | Reached XP level 20. HP: 202/202 MP: 7/22
 43072 | Vaults:3 | Received a gift from Trog
 43441 | Vaults:3 | Received a gift from Trog
 44607 | Vaults:3 | Found a staircase to the Crypt.
 44807 | Vaults:3 | Found a runed door.
 44809 | Vaults:3 | Noticed Brozuf's ghost (adept GrEE)
 44837 | Vaults:3 | Killed Brozuf's ghost
 45207 | Vaults:4 | Received a gift from Trog
 45625 | Vaults:4 | Found Ipnewn's Armour Shoppe.
 45664 | Vaults:4 | Found a large runed door.
 45664 | Vaults:4 | Noticed Peapij's ghost (adept NaBe)
 45665 | Vaults:4 | Found a large runed door.
 45699 | Vaults:4 | Reached XP level 21. HP: 199/213 MP: 7/23
 45847 | Vaults:4 | Received a gift from Trog
 45870 | Vaults:4 | Found a stormy altar of Qazlal.
 47153 | Vaults:4 | Found Comisch's Food Shoppe.
 47367 | Vaults:4 | Found Edonil's Book Shop.
 47856 | Depths:1 | Entered Level 1 of the Depths
 48335 | Depths:1 | Received a gift from Trog
 48512 | Depths:1 | Reached skill level 5 in Dodging
 48733 | Depths:1 | Received a gift from Trog
 48799 | Depths:1 | Found a gateway to Hell.
 48816 | Depths:1 | Found a huge runed gate.
 48816 | Depths:1 | Found a huge runed gate.
 48816 | Depths:1 | Found a huge runed gate.
 48816 | Depths:1 | Found a huge runed gate.
 48816 | Depths:1 | Found a huge runed gate.
 48816 | Depths:1 | Found a huge runed gate.
 48816 | Depths:1 | Found a huge runed gate.
 48816 | Depths:1 | Found a huge runed gate.
 48838 | Depths:1 | Found Ceutiuj's Jewellery Boutique.
 48848 | Depths:1 | Found Muanlik's General Store.
 48870 | Depths:1 | Bought 23 stones for 39 gold pieces
 48870 | Depths:1 | Bought a scroll of magic mapping for 59 gold pieces
 49776 | Depths:1 | Received a gift from Trog
 49804 | Depths:1 | Found a huge runed gate.
 49806 | Depths:1 | Found a huge runed gate.
 49815 | Depths:1 | Found a huge runed gate.
 49816 | Depths:1 | Found a huge runed gate.
 49816 | Depths:1 | Found a huge runed gate.
 49817 | Depths:1 | Found a huge runed gate.
 49820 | Depths:1 | Found a huge runed gate.
 49991 | Depths:1 | Found a huge runed gate.
 49991 | Depths:1 | Found a huge runed gate.
 49996 | Depths:1 | Found a huge runed gate.
 49996 | Depths:1 | Found a huge runed gate.
 49996 | Depths:1 | Found a huge runed gate.
 49996 | Depths:1 | Found a huge runed gate.
 49996 | Depths:1 | Found a huge runed gate.
 49996 | Depths:1 | Found a huge runed gate.
 49996 | Depths:1 | Found a huge runed gate.
 50547 | Depths:1 | Received a gift from Trog
 50847 | Depths:2 | Identified the ring "Gobexzis" {MR+ Str+3 Dex+3} (You found it on level 2 of the Depths)
 51032 | Depths:2 | Reached XP level 22. HP: 218/226 MP: 24/24
 51065 | Depths:2 | Found a transporter.
 51113 | Depths:2 | Noticed a golden dragon
 51115 | Depths:2 | Noticed a golden dragon
 51175 | Depths:2 | Found a transporter.
 51939 | Depths:3 | Received a gift from Trog
 51988 | Depths:3 | Got a shimmering hunting sling {god gift}
 51990 | Depths:3 | Identified the +4 hunting sling "Upil" {velocity, *Drain rN+++ Dex+5} (Trog gifted it to you on level 3 of the Depths)
 52271 | Depths:3 | Found a one-way gate leading to the halls of Pandemonium.
 52278 | Depths:3 | Found a corrupted altar of Lugonu.
 52279 | Depths:3 | Found a one-way gate to the infinite horrors of the Abyss.
 52598 | Depths:4 | Found a shattered altar of Ashenzari.
 53138 | Depths:4 | Noticed Mennas
 53163 | Depths:3 | Received a gift from Trog
 53360 | Depths:4 | Noticed a golden dragon
 53379 | Depths:4 | Killed a golden dragon
 53382 | Depths:4 | Noticed a golden dragon
 53802 | Depths:4 | Noticed a juggernaut
 53813 | Depths:4 | Killed a juggernaut
 53836 | Depths:4 | Received a gift from Trog
 53994 | Depths:4 | Killed a golden dragon
 54186 | Depths:4 | Received a gift from Trog
 54203 | Depths:4 | Reached XP level 23. HP: 225/238 MP: 8/25
 54260 | Depths:4 | Identified Couw's Almanac of Ensnaring Earth
 54277 | Depths:4 | Killed Mennas
 54702 | Depths:4 | Found a gateway to a ziggurat.
 54813 | Depths:4 | Voluntarily entered the Abyss.
 54825 | Abyss:1  | Reached skill level 10 in Dodging
 54829 | Abyss:1  | Found a corrupted altar of Lugonu.
 55054 | Abyss:1  | Gained mutation: You are dopey. (Int -2) [a shining eye]
 55060 | Abyss:1  | Gained mutation: Your spells are a little easier to cast, but a little less powerful. [a shining eye]
 55210 | Abyss:2  | Received a gift from Trog
 55242 | Abyss:3  | Found a corrupted altar of Lugonu.
 55544 | Abyss:3  | Reached skill level 27 in Fighting
 56101 | Abyss:3  | Received a gift from Trog
 56558 | Abyss:3  | Received a gift from Trog
 56562 | Abyss:3  | Got an abyssal rune of Zot
 57554 | Depths:4 | Escaped the Abyss
 57613 | Depths:5 | Entered Level 5 of the Depths
 57613 | Depths:5 | Found Kurroff's General Store.
 57887 | Depths:5 | Found Wurakhlof's Antique Armour Emporium.
 57894 | Depths:5 | Bought a glowing cloak for 292 gold pieces
 57894 | Depths:5 | Bought a pair of embroidered gloves for 292 gold pieces
 58449 | Depths:5 | Reached XP level 24. HP: 249/249 MP: 15/25
 58452 | Depths:5 | Received a gift from Trog
 59254 | Depths:5 | Found a gate to the Realm of Zot.
 59359 | Depths:5 | Found Josouvys's Assorted Antiques.
 59367 | Depths:5 | Bought a scroll of teleportation for 96 gold pieces
 59367 | Depths:5 | Bought a scroll of enchant armour for 240 gold pieces
 59409 | Depths:5 | Bought a scroll of enchant armour for 105 gold pieces
 59409 | Depths:5 | Bought 30 stones for 42 gold pieces
 59409 | Depths:5 | Bought 16 stones for 22 gold pieces
 59409 | Depths:5 | Bought 20 stones for 28 gold pieces
 59547 | Depths:5 | Noticed Boris
 59930 | Depths:5 | Gained mutation: Your body sometimes deteriorates upon taking damage. [the power of Zot]
 60046 | Depths:5 | Found Lamytt's Gadget Shoppe.
 60344 | Depths:5 | Lost mutation: You are dopey. (Int -2) [potion of mutation]
 60344 | Depths:5 | Lost mutation: Your spells are a little easier to cast, but a little less powerful. [potion of mutation]
 60344 | Depths:5 | Gained mutation: Your mind is acute. (Int +2) [potion of mutation]
 60344 | Depths:5 | Gained mutation: You have a pair of large horns on your head. [potion of mutation]
 60479 | Zot:1    | Entered Level 1 of the Realm of Zot
 60491 | Zot:1    | Received a gift from Trog
 61348 | Zot:1    | Received a gift from Trog
 62831 | Zot:1    | Reached XP level 25. HP: 175/253 MP: 9/25
 63162 | Zot:2    | Received a gift from Trog
 63861 | Zot:3    | Noticed an orb of fire
 63873 | Zot:3    | Killed an orb of fire
 63909 | Zot:3    | Reached skill level 15 in Dodging
 64762 | Elf:3    | Received a gift from Trog
 64850 | Elf:3    | Noticed Roxanne
 64878 | Elf:3    | Killed Roxanne
 64879 | Elf:3    | Identified Roxanne's Incunabulum of the Rocks (You took it off Roxanne on level 3 of the Elven Halls)
 65360 | Elf:3    | Received a gift from Trog
 65819 | Elf:3    | Got a clouded lapis lazuli ring
 65901 | Elf:3    | Received a gift from Trog
 65958 | Elf:3    | Got a pair of pitted gloves
 66233 | Elf:3    | Found the +7 great mace "Firestarter" {inner flame, rF++}
 66274 | Elf:3    | Identified the ring "Daris" {rN+ Slay+4} (You took it off a deep elf elementalist on level 3 of the Elven Halls)
 66275 | Elf:3    | Identified the -2 pair of gloves of Xom's Supremacy {*Corrode rPois Str+2} (You found it on level 3 of the Elven Halls)
 66818 | Lair:5   | Found a blossoming altar of Fedhas.
 66996 | Lair:5   | Found a staircase to the Slime Pits.
 67164 | Slime:1  | Entered Level 1 of the Pits of Slime
 67177 | Slime:2  | Received a gift from Trog
 68223 | Slime:3  | Lost mutation: Your body sometimes deteriorates upon taking damage. [potion of mutation]
 68223 | Slime:3  | Lost mutation: You have a pair of large horns on your head. [potion of mutation]
 68223 | Slime:3  | Gained mutation: Your spells are a little harder to cast, but a little more powerful. [potion of mutation]
 68223 | Slime:3  | Gained mutation: You are partially covered in slimy green scales. (AC +2) [potion of mutation]
 68223 | Slime:3  | Gained mutation: Your muscles are strong. (Str +2) [potion of mutation]
 68234 | Slime:3  | Paralysed by a floating eye for 2 turns
 68238 | Slime:3  | Paralysed by a floating eye for 3 turns
 68532 | Slime:5  | Entered Level 5 of the Pits of Slime
 68553 | Slime:4  | Received a gift from Trog
 68558 | Slime:4  | Gained mutation: You tend to lose your temper in combat. [a shining eye]
 68703 | Slime:5  | Paralysed by a great orb of eyes for 2 turns
 68716 | Slime:4  | Reached XP level 26. HP: 204/262 MP: 1/25
 68898 | Slime:5  | Found a viscous altar of Jiyva.
 68918 | Slime:5  | Noticed the Royal Jelly
 68932 | Slime:5  | Killed the Royal Jelly
 68946 | Slime:5  | Gained mutation: Your body sometimes deteriorates upon taking damage. [a shining eye]
 68948 | Slime:5  | Gained mutation: You occasionally shout uncontrollably at your foes. [a shining eye]
 68950 | Slime:5  | Lost mutation: Your mind is acute. (Int +2) [a shining eye]
 69157 | Slime:5  | Gained mutation: You are dopey. (Int -2) [a shining eye]
 69277 | Slime:5  | Reached skill level 27 in Armour
 69754 | Slime:5  | Got a slimy rune of Zot
 69792 | Slime:5  | Identified the ring of Uwniaroa {rN+ Stlth+} (You found it on level 5 of the Pits of Slime)
 69980 | Slime:5  | Gained mutation: You often lose your temper in combat. [a shining eye]
 69983 | Slime:5  | Received a gift from Trog
 69998 | Slime:5  | Got a bloodstained mace
 70256 | Lair:1   | Identified the +3 mace of Erysagumn {protect, *Noise rElec rF+++ Int+4} (You found it on level 5 of the Pits of Slime)
 70908 | D:12     | Killed shruggingcutely's ghost
 70915 | D:12     | Got a pitted jade ring
 70916 | D:12     | Identified the ring of Kyura {MR+ EV+6} (You found it on level 12 of the Dungeon)
 71041 | D:14     | Lost mutation: You often lose your temper in combat. [potion of mutation]
 71041 | D:14     | Lost mutation: Your body sometimes deteriorates upon taking damage. [potion of mutation]
 71041 | D:14     | Gained mutation: You are somewhat resistant to further mutation. [potion of mutation]
 71042 | D:14     | Lost mutation: You are dopey. (Int -2) [potion of mutation]
 71042 | D:14     | Lost mutation: You are partially covered in slimy green scales. (AC +2) [potion of mutation]
 71042 | D:14     | Gained mutation: Your mind is acute. (Int +2) [potion of mutation]
 71043 | D:14     | Lost mutation: Your spells are a little harder to cast, but a little more powerful. [potion of mutation]
 71043 | D:14     | Lost mutation: You tend to lose your temper in combat. [potion of mutation]
 71043 | D:14     | Gained mutation: Your flesh is heat resistant. (rF+) [potion of mutation]
 71043 | D:14     | Gained mutation: You are partially covered in icy blue scales. (AC +2) [potion of mutation]
 71238 | Elf:1    | You showed the slimy rune of Zot to enter a treasure trove
 71239 | Trove    | Entered a treasure trove
 71250 | Trove    | Got a vibrating garnet amulet
 71258 | Trove    | Got a twitching bronze ring
 71264 | Trove    | Got a dazzling hunting sling
 71289 | Elf:1    | Identified the amulet of Mahaw {Faith rF- Str+7} (You found it in a treasure trove)
 71317 | Elf:1    | Identified the ring "Wygumou" {Dex+3 SInv} (You found it in a treasure trove)
 71355 | Elf:1    | Bought a potion of heal wounds for 85 gold pieces
 71355 | Elf:1    | Bought a potion of heal wounds for 85 gold pieces
 71355 | Elf:1    | Bought 2 potions of curing for 102 gold pieces
 71355 | Elf:1    | Bought a potion of cancellation for 136 gold pieces
 71355 | Elf:1    | Bought a potion of might for 68 gold pieces
 71639 | Snake:2  | Killed P0WERM0DE's ghost
 71650 | Snake:2  | Identified the +8 hunting sling of Melee {flame, Stlth+} (You found it in a treasure trove)
 71979 | Vaults:4 | Killed Peapij's ghost
 72319 | Depths:1 | Bought a scroll of identify for 34 gold pieces
 72971 | Vaults:5 | Entered Level 5 of the Vaults
 73018 | Vaults:5 | Received a gift from Trog
 73081 | Vaults:5 | Reached skill level 5 in Evocations
 73125 | Vaults:5 | Got a silver rune of Zot
 73172 | Vaults:5 | Received a gift from Trog
 73903 | Vaults:5 | Received a gift from Trog
 73903 | Vaults:5 | Reached XP level 27. HP: 210/269 MP: 9/27
 74047 | Vaults:5 | Noticed an ancient lich
 74070 | Vaults:5 | Killed an ancient lich
 74088 | Vaults:5 | Received a gift from Trog
 74290 | Vaults:5 | Noticed an ancient lich
 74310 | Vaults:5 | Killed an ancient lich
 75607 | Vaults:5 | Found Muhusiot's Antique Weapon Boutique.
 76168 | Vaults:5 | Bought a runed demon whip for 504 gold pieces
 76738 | Zot:2    | Received a gift from Trog
 78774 | Zot:4    | Paralysed by you for 3 turns
 79096 | Zot:4    | Received a gift from Trog
 79274 | Zot:5    | Entered Level 5 of the Realm of Zot
 79931 | Zot:5    | Noticed an ancient lich
 79955 | Zot:5    | Killed an ancient lich
 80312 | Zot:5    | Noticed an ancient lich
 80320 | Zot:5    | Killed an ancient lich
 80505 | Zot:5    | Noticed an ancient lich
 80737 | Zot:5    | Killed an ancient lich
 81129 | Zot:5    | Noticed an orb of fire
 81154 | Zot:5    | Killed an orb of fire
 81398 | Zot:5    | Received a gift from Trog
 81701 | Zot:5    | Noticed an orb of fire
 81701 | Zot:5    | Noticed an orb of fire
 81727 | Zot:5    | Killed an orb of fire
 81730 | Zot:5    | Noticed an ancient lich
 81744 | Zot:5    | Killed an orb of fire
 81747 | Zot:5    | Killed an ancient lich
 81756 | Zot:5    | Reached skill level 27 in Dodging
 81764 | Zot:5    | Reached skill level 1 in Stealth
 81974 | Zot:5    | Got the Orb of Zot
 82237 | Depths:4 | Noticed a seraph
 82442 | D:8      | Noticed Feosuess the pandemonium lord
 82581 | D:$      | Escaped with the Orb!

Vault maps used:
D:1:      minmay_arrival_glassed_features, minivault_5, nrook_loot_triangle,
          dk_noncrumbling_4
D:2:      amethyst_overflow_temple_binary, first_ration, uniq_sigmund
D:3:      serial_corexii_hall, corexii_hall_statues_deadend,
          corexii_hall_statues_l, corexii_hall_statues_x,
          corexii_hall_statues_x, uniq_grinder, uniq_natasha,
          uniq_crazy_yiuf_cottage
D:4:      nemelex_altar_shiori, lemuel_doored_altar,
          gammafunk_temple_overflow_elements, nicolae_elemental_shop,
          uniq_duvessa
D:5:      kennysheep_mini_moat, basic_altar, kennysheep_decorative_pillar,
          bloody_trog
D:6:      minmay_temple_entry_fiery, centaur_isle
D:7:      serial_shops, shop, shop_fountains, shop, nicolae_shop_waterfront,
          uniq_pikel
D:8:      uniq_erica, uniq_psyche
D:9:      lair_entry_dummy, gammafunk_ghost_smash, hangedman_fish_farm,
          nemelex_dance_club_becter, uniq_prince_ribbit1
D:10:     orc_0_dummy, serial_glass, glass_columns_c, glass_columns_a,
          grunt_tough_drop, uniq_joseph
D:11:     serial_shops, shop, uniq_maurice, uniq_nergalle
D:12:     gammafunk_ghost_hydra_chop, kennysheep_generic_room_9
D:13:     david_vaults_5, kennysheep_generic_room_7
D:14:     kennysheep_blocky_hall, solitary_fountain, lab_entry_generic,
          kennysheep_treasure_room, uniq_snorg
D:15:     gammafunk_depths_entry_grave, minmay_crystal_room, ebering_ghost_xom,
          basic_altar
Temple:   regret_index_temple_generic_petals
Lair:1:   lemuel_fruit_fields
Lair:2:   dummy_snake_entry, lemuel_fruit_tree, minmay_lair_oklob_chamber,
          grunt_megastairs_1, lemuel_fruit_fields
Lair:3:   serial_bayou_lagoon_a, kennysheep_catoblepas_arena
Lair:4:   nicolae_swamp_entry_splash_gauntlet, lemuel_fruit_fields
Lair:5:   minmay_slime_entry_oklob_open, portal_ice_cave_entry_pillars_2,
          tgw_fedhas
Lair:6:   minmay_lair_end_frog_pond
Swamp:1:  evilmike_swamp_ruin_house_5
Swamp:2:  hangedman_swamp_ruin_wall, swamp_pool1, hangedman_swamp_muck
Swamp:3:  serial_swamp_ruin, evilmike_swamp_ruin_house_1,
          evilmike_swamp_ruin_rubble_1, evilmike_swamp_ruin_house_2,
          swamp_pool5, hangedman_swamp_pad, hangedman_swamp_ravenous,
          uniq_nikola, uniq_donald
Swamp:4:  swamp_alternative, uniq_kirke, uniq_aizul, uniq_louise
Snake:1:  basic_loot_grate_trap, spider_trap, serial_bayou_shore_b,
          grunt_megastairs_2
Snake:2:  gammafunk_ghost_split
Snake:4:  snake_pit, serial_shops, shop, hangedman_snake_corridor_split
Slime:3:  cheibrodos_slime_lost_civilization_2, nicolae_slime_round_cave
Orc:2:    st_orc_open, serial_shops, shop
Elf:1:    nicolae_trove_entry_crossroad, serial_shops, nicolae_shop_stone, shop,
          shop, nicolae_shop_behind_doors, nicolae_shop_statue_plus,
          hangedman_elf_disciples, uniq_azrael
Elf:2:    basic_altar, gammafunk_ghost_grave, uniq_saint_roka, uniq_jorgrun
Elf:3:    elf_hall_gauntlet_wide, uniq_roxanne
Vaults:1: gammafunk_vaults_ghost_grave, hangedman_vaults_corner_blocks,
          vaults_dpeg_diagonal, nicolae_vaults_sealed_display, v_misc_10,
          v_pattern_2, nicolae_vaults_little_squares_1, serial_shops,
          shop_fountains
Vaults:2: vaults_dpeg_spiral, vaults_room_guarded_vault,
          vaults_standard_mumra_lines, hangedman_vaults_cutoff,
          nicolae_vaults_little_squares_4, nicolae_vaults_theta,
          ontoclasm_vaults_loading_screen
Vaults:3: ebering_vaults_ghost_reflecting_pool, hangedman_vaults_nodes,
          ontoclasm_vaults_chip, minmay_crypt_entry_simple_box,
          hangedman_vaults_trim, v_alt_pattern_1, v_misc_23,
          ontoclasm_vaults_idyll, vaults_room_stairs_pillars,
          ontoclasm_vaults_twist, nicolae_vaults_little_ls,
          nicolae_vaults_network_s, vaults_room_ringed_pool
Vaults:4: advil_vaults_ghost_guards, vaults_dpeg_encased_lava,
          vaults_standard_mumra_x, ontoclasm_vaults_ring_small,
          hangedman_vaults_hat, v_alt_pattern_3, v_alt_pattern_6,
          vaults_room_fours, nicolae_vaults_quadrants,
          ontoclasm_vaults_misaligned, nicolae_vaults_circle_grid_a, v_misc_10,
          nicolae_vaults_asterisk, vaults_mumra_chevron,
          hangedman_vaults_cutoff, vaults_dpeg_hooks, ontoclasm_vaults_shuriken,
          serial_shops, nicolae_shop_behind_doors, shop,
          nicolae_shop_behind_doors, basic_altar
Vaults:5: serial_shops
Depths:1: hell_entry, door_vault, minmay_shoptagon
Depths:2: gammafunk_sealed_arena, grunt_metal_band, infiniplex_staircase_pool_2
Depths:3: minmay_connected_triangles_in_corner, abyss_entry_flame_altar,
          pan_entry, serial_sigils_hangedman_shear, pf_hell_entry_tar_spiral,
          minmay_misc_feat_nine_boxes
Depths:4: minmay_central_circle, enter_ziggurat_b, hell_entry,
          evilmike_ruin_ashenzari, abyss_entry, minmay_staircase_statues,
          firewood_loft, uniq_mennas
Depths:5: grunt_zot_entry_gee_three, minmay_parallelograms, serial_shops, shop,
          shop, nicolae_shop_trees, shop, hell_entry, abyss_entry_crystal,
          roderic_serpentine_path, fountainhead, uniq_boris
Zot:1:    st_stairs_10, hangedman_spider_trapstep
Zot:3:    grunt_twist_and_shout
Zot:4:    gammafunk_mikee_crab_dinner
Abyss:2:  onia_ninara_dug_in_and_dangerous
Abyss:3:  evilmike_nicolae_abyss_rune_betentacled_crabyss
Trove:    trove_simple
IceCv:    ice_cave_caverns_03

Skill      XL: |  1  2  3  4  5  6  7  8  9 10 11 12 13 14 15 16 17 18 19 20 21 22 23 24 25 26 27 |
---------------+----------------------------------------------------------------------------------+-----
Fighting       | 4 5 6 7 9 10 12 14 16 18 19 20 21 22 23 25 26 27 | 27.0
Maces & Flails | 4 5 6 8 9 11 14 15 16 | 16.0
Shields        | 1 5 10 12 13 15 16 18 20 21 22 24 25 | 25.0
Armour         | 4 8 10 11 12 14 15 17 19 21 24 26 27 | 27.0
Slings         | 4 6 7 12 14 | 14.0
Evocations     | 1 2 4 7 8 |  8.7
Dodging        | 4 6 9 11 14 16 20 27 | 27.0
Stealth        | 4 |  4.6

Action                   |  1- 3 |  4- 6 |  7- 9 | 10-12 | 13-15 | 16-18 | 19-21 | 22-24 | 25-27 || total
-------------------------+-------+-------+-------+-------+-------+-------+-------+-------+-------++-------
Melee: Mace              |    71 |    65 |    77 |       |       |       |       |       |       ||   213
       Headbutt          |    11 |     7 |    67 |   171 |   403 |   558 |   648 |   544 |   749 ||  3158
       Whip              |       |       |   126 |    24 |   105 |       |       |       |       ||   255
       Flail             |       |       |   117 |   707 |    14 |   971 |   159 |       |       ||  1968
       Morningstar       |       |       |       |       |  1543 |  1066 |       |       |       ||  2609
       Demon whip        |       |       |       |       |       |       |  1415 |   710 |   879 ||  3004
       Eveningstar       |       |       |       |       |       |       |   350 |   831 |  1154 ||  2335
 Fire: Fustibalus        |       |       |       |     9 |       |       |       |       |   326 ||   335
       Hunting sling     |       |       |       |       |    13 |    65 |   241 |   962 |   507 ||  1788
Throw: Stone             |       |       |       |       |       |       |       |     2 |     4 ||     6
Invok: Berserk           |     2 |     2 |     9 |    17 |    12 |     3 |     1 |       |     1 ||    47
       Brothers in Arms  |       |       |       |       |     1 |     5 |    10 |     5 |     8 ||    29
       Trog's Hand       |       |       |       |       |       |       |     2 |     6 |     9 ||    17
 Abil: Stop Flying       |       |       |       |       |       |       |       |     2 |       ||     2
       Evoke Flight      |       |       |       |       |       |       |       |     2 |       ||     2
Evoke: Wand              |       |       |       |       |       |       |       |     1 |     4 ||     5
  Use: Scroll            |     7 |       |    11 |     9 |    15 |     7 |    18 |    13 |    37 ||   117
       Potion            |       |       |       |     1 |       |       |     1 |     1 |    17 ||    20
 Stab: Confused          |       |       |       |       |     1 |     2 |       |       |       ||     3
       Distracted        |       |       |       |       |       |       |       |     2 |       ||     2
  Eat: Chunk             |     3 |     4 |    22 |    36 |    41 |    31 |    38 |    28 |    22 ||   225
       Ration            |       |       |       |     1 |     1 |     5 |     4 |     4 |    14 ||    29
Armor: Animal skin       |    13 |       |       |       |       |       |       |       |       ||    13
       Ring mail         |    16 |    30 |    25 |       |       |       |       |       |       ||    71
       Crystal plate arm |       |       |   124 |   369 |   592 |   512 |   392 |   357 |   411 ||  2757
       Scale mail        |       |       |     7 |       |       |       |       |       |       ||     7
Dodge: Dodged            |    59 |    43 |    58 |   100 |   104 |   165 |   168 |   241 |   450 ||  1388
Block: Large shield      |       |       |    63 |   129 |  1669 |  2600 |  2110 |  1855 |  2189 || 10615
       Buckler           |       |       |    39 |   242 |    12 |       |     8 |       |       ||   301
       Reflection        |       |       |       |     1 |    18 |   263 |   195 |    73 |   160 ||   710
       Other             |       |       |       |       |       |       |     1 |       |       ||     1

Table legend:
 A = Spawn XP
 B = Non-spawn XP
 C = Spawn XP percentage of total XP
 D = Spawn monster count
 E = Non-spawn monster count
 F = Spawn count percentage of total count
 G = Total turns spent on level
                    A         B        C        D         E        F      G
               +---------+---------+-------+---------+---------+-------+---------
         Total |   57487 | 1850697 |   3.0 |      90 |    2573 |   3.4 | 82581
               +---------+---------+-------+---------+---------+-------+---------
           D:1 |       0 |      33 |   0.0 |       0 |      23 |   0.0 |  1038
           D:2 |       0 |     384 |   0.0 |       0 |      30 |   0.0 |   749
           D:3 |       0 |     470 |   0.0 |       0 |      22 |   0.0 |   910
           D:4 |       0 |     717 |   0.0 |       0 |      18 |   0.0 |   784
           D:5 |       0 |     420 |   0.0 |       0 |       8 |   0.0 |   589
           D:6 |       0 |    1448 |   0.0 |       0 |      23 |   0.0 |  1252
           D:7 |       0 |    2273 |   0.0 |       0 |      35 |   0.0 |  1709
           D:8 |       0 |    3626 |   0.0 |       0 |      18 |   0.0 |   953
           D:9 |       0 |    5427 |   0.0 |       0 |      30 |   0.0 |  1381
          D:10 |       0 |    4736 |   0.0 |       0 |      36 |   0.0 |  1841
          D:11 |       0 |    8469 |   0.0 |       0 |      23 |   0.0 |   629
          D:12 |       0 |    9085 |   0.0 |       0 |      32 |   0.0 |  1293
          D:13 |       0 |    8235 |   0.0 |       0 |      36 |   0.0 |  1454
          D:14 |       0 |   11413 |   0.0 |       0 |      32 |   0.0 |  1287
          D:15 |       0 |   34825 |   0.0 |       0 |      56 |   0.0 |  1954
        Lair:1 |       0 |    6203 |   0.0 |       0 |      27 |   0.0 |  1386
        Lair:2 |       0 |    5117 |   0.0 |       0 |      19 |   0.0 |  1621
        Lair:3 |       0 |    5645 |   0.0 |       0 |      17 |   0.0 |  1064
        Lair:4 |       0 |    7575 |   0.0 |       0 |      35 |   0.0 |  1725
        Lair:5 |       0 |    7018 |   0.0 |       0 |      20 |   0.0 |   949
        Lair:6 |       0 |   20511 |   0.0 |       0 |      62 |   0.0 |  1207
       Swamp:1 |       0 |   10797 |   0.0 |       0 |      32 |   0.0 |   906
       Swamp:2 |       0 |   18798 |   0.0 |       0 |      44 |   0.0 |  1142
       Swamp:3 |       0 |   29189 |   0.0 |       0 |      63 |   0.0 |  1652
       Swamp:4 |       0 |   21764 |   0.0 |       0 |      37 |   0.0 |  1179
       Snake:1 |       0 |   12212 |   0.0 |       0 |      28 |   0.0 |   934
       Snake:2 |       0 |   20775 |   0.0 |       0 |      35 |   0.0 |  1138
       Snake:3 |       0 |   22386 |   0.0 |       0 |      46 |   0.0 |  2133
       Snake:4 |       0 |   57713 |   0.0 |       0 |      97 |   0.0 |  2052
       Slime:1 |       0 |    4331 |   0.0 |       0 |      10 |   0.0 |   190
       Slime:2 |       0 |   20789 |   0.0 |       0 |      29 |   0.0 |   315
       Slime:3 |       0 |   10478 |   0.0 |       0 |      18 |   0.0 |   224
       Slime:4 |       0 |   16263 |   0.0 |       0 |      22 |   0.0 |   507
       Slime:5 |       0 |   47442 |   0.0 |       0 |      36 |   0.0 |  1154
         Orc:1 |       0 |    2568 |   0.0 |       0 |      25 |   0.0 |   707
         Orc:2 |       0 |   20785 |   0.0 |       0 |      71 |   0.0 |  1729
         Elf:1 |       0 |   30184 |   0.0 |       0 |      54 |   0.0 |  1650
         Elf:2 |       0 |   40317 |   0.0 |       0 |      61 |   0.0 |  1841
         Elf:3 |       0 |   59928 |   0.0 |       0 |      67 |   0.0 |  1993
      Vaults:1 |     371 |   45960 |   0.8 |       1 |      80 |   1.2 |  2663
      Vaults:2 |       0 |   35803 |   0.0 |       0 |      63 |   0.0 |  1479
      Vaults:3 |       0 |   49046 |   0.0 |       0 |      67 |   0.0 |  2110
      Vaults:4 |       0 |   72523 |   0.0 |       0 |     109 |   0.0 |  2264
      Vaults:5 |       0 |  194430 |   0.0 |       0 |     163 |   0.0 |  2483
      Depths:1 |       0 |   64778 |   0.0 |       0 |      81 |   0.0 |  2287
      Depths:2 |       0 |   26132 |   0.0 |       0 |      38 |   0.0 |  1037
      Depths:3 |       0 |   43942 |   0.0 |       0 |      53 |   0.0 |  1618
      Depths:4 |       0 |  109403 |   0.0 |       0 |      79 |   0.0 |  2714
      Depths:5 |       0 |   69509 |   0.0 |       0 |      63 |   0.0 |  2662
         Zot:1 |       0 |   72121 |   0.0 |       0 |      42 |   0.0 |  2210
         Zot:2 |       0 |   57521 |   0.0 |       0 |      38 |   0.0 |  1874
         Zot:3 |       0 |   85036 |   0.0 |       0 |      51 |   0.0 |  1864
         Zot:4 |       0 |   55150 |   0.0 |       0 |      32 |   0.0 |  1520
         Zot:5 |       0 |  199941 |   0.0 |       0 |      70 |   0.0 |  2352
       Abyss:1 |    2784 |    7660 |  26.7 |       5 |      11 |  31.2 |   289
       Abyss:2 |    6598 |    8104 |  44.9 |      11 |      18 |  37.9 |   694
       Abyss:3 |   47734 |   50232 |  48.7 |      73 |      91 |  44.5 |  2361
         IceCv |       0 |   13057 |   0.0 |       0 |      47 |   0.0 |   829
               +---------+---------+-------+---------+---------+-------+---------
